 Seeded DCSS version 0.29.1-14-g9c671dbff4 (webtiles) character file.

Game seed: 1 (custom seed)

1529 Kazon the Slasher (level 8, -5/60 HPs)
             Began as a Mummy Fighter on Feb 16, 2023.
             Engulfed by a steam dragon's steam (13 damage)
             ... on level 7 of the Dungeon.
             The game lasted 00:15:05 (3926 turns).

Kazon the Slasher (Mummy Fighter)                   Turns: 3926, Time: 00:15:06

Health: -5/60      AC: 15    Str: 19    XL:     8   Next: 55%
Magic:  8/8        EV: 11    Int: 10    God:
Gold:   196        SH:  4    Dex: 11    Spells: 7/7 levels left

rFire   x . .      SeeInvis .   s - +3 falchion of Winter {venom, rCorr}
rCold   + + +      Faith    .   c - +0 buckler
rNeg    + + +      Spirit   .   t - +3 leather armour {rC+}
rPois   ∞          Reflect  .   h - +0 helmet
rElec   .          Harm     .   (no cloak)
rCorr   +          Rampage  .   d - +3 pair of gauntlets of War {Slay+5}
Will    +....                   g - +2 pair of boots
Stlth   +.........              w - amulet of the acrobat
HPRegen 0.20/turn               b - ring of protection from cold
MPRegen 0.11/turn               (no ring)

@: no status effects
A: cold resistance 1, negative energy resistance 3, torment resistance 2, heat
vulnerability 1, in touch with death 1, no potions
a: no special abilities


You were on level 7 of the Dungeon.
You visited 1 branch of the dungeon, and saw 7 of its levels.

You collected 380 gold pieces.
You spent 184 gold pieces at shops.

Inventory:

Hand Weapons
 e - a +2 dagger of venom
 s - the +3 falchion of Winter (weapon) {venom, rCorr}
   (You bought it in a shop on level 3 of the Dungeon)

   It poisons the flesh of those it strikes.
   rCorr:     It protects you from acid and corrosion.
Missiles
 f - 36 stones
 k - 4 boomerangs (quivered)
 r - 2 curare-tipped darts
 v - 8 poisoned darts
Armour
 c - a +0 buckler (worn)
 d - the +3 pair of gauntlets of War (worn) {Slay+5}
   (You acquired it on level 1 of the Dungeon)

   Slay:      It affects your accuracy & damage with ranged weapons and melee
   (+5).
 g - a +2 pair of boots (worn)
 h - a +0 helmet (worn)
 t - a +3 leather armour of cold resistance (worn)
Jewellery
 b - a ring of protection from cold (left hand)
 w - an amulet of the acrobat (around neck)
Wands
 o - a wand of mindburst (18)
 q - a wand of flame (12)
Scrolls
 a - a scroll of magic mapping
 i - 3 scrolls of identify
 j - 2 scrolls of immolation
 l - a scroll of fog
 m - a scroll of teleportation
 n - 2 scrolls of noise
 p - a scroll of poison
 u - a scroll of enchant weapon {unknown}
 x - a scroll of fear {unknown}


   Skills:
 + Level 4.1 Fighting
 + Level 3.2(4.4) Short Blades
 + Level 4.5(5.1) Long Blades
 + Level 2.5 Throwing
 + Level 4.2 Armour
 + Level 2.2 Dodging
 + Level 0.5 Stealth
 + Level 3.3 Shields
 * Level 2.7 Evocations


You had 7 spell levels left.
You didn't know any spells.
Your spell library contained the following spells:

 Spells                   Type           Power      Damage    Failure   Level
 Apportation              Tloc           0%         N/A       52%         1
 Necrotise                Necr           0%         1d4       52%         1
 Sting                    Tmut/Pois      0%         1d3       52%         1
 Summon Small Mammal      Summ           0%         N/A       52%         1
 Poisonous Vapours        Pois/Air       0%         N/A       65%         2
 Olgreb's Toxic Radiance  Pois           0%         N/A       99%         4
 Fireball                 Conj/Fire      0%         3d3       100%        5
 Iskenderun's Battlesphe  Conj           0%         2d6       100%        5
 Conjure Ball Lightning   Conj/Air       0%         3x3d6     100%        6
 Orb of Destruction       Conj           0%         9d5       100%        7


Dungeon Overview and Level Annotations

Branches:
Dungeon (7/15)
 Temple: D:4-7

Altars:
Hepliaklqana

Shops:
D:3 (


Innate Abilities, Weirdness & Mutations

You are immune to poison.
Your flesh is cold resistant. (rC+)
You are immune to negative energy. (rN+++)
You are immune to unholy pain and torment.
You are vulnerable to heat. (rF-)
You are in touch with the powers of death.
You do not drink.


Message History

You are engulfed in a cloud of scalding steam.
The steam dragon closely misses you. The steam dragon misses you.
You completely miss the steam dragon.
You are engulfed in a cloud of scalding steam.
The steam dragon misses you. The steam dragon closely misses you.
An orc comes into view. It is wielding a +0 dagger.
The orc shouts!
You hit the steam dragon.
The steam dragon is poisoned.
The steam dragon is lightly wounded.
The steam dragon bites you but does no damage.
The steam dragon claws you but does no damage.
You closely miss the steam dragon.
The steam dragon is lightly wounded.
The steam dragon bites you but does no damage.
The steam dragon barely misses you.
You barely miss the steam dragon.
The steam dragon is moderately wounded.
The steam dragon breathes steam at you. The ball of steam hits you!
The steam scalds you terribly!
You hear a shout!
You hit the steam dragon.
The steam dragon looks even sicker.
The steam dragon is moderately wounded.
You are engulfed in a cloud of scalding steam.
The steam dragon closely misses you. You block the steam dragon's attack.
You barely miss the steam dragon.
The steam dragon is moderately wounded.
The steam dragon breathes steam at you. The ball of steam misses you.
A shadow imp comes into view.
The steam dragon misses you. The steam dragon closely misses you.
You barely miss the steam dragon.
The steam dragon is moderately wounded.
You are engulfed in a cloud of scalding steam.
* * * LOW HITPOINT WARNING * * *
The steam dragon barely misses you. You block the steam dragon's attack.
You hit the steam dragon but do no damage.
The steam dragon looks as sick as possible!
The steam dragon is heavily wounded.
You are engulfed in a cloud of scalding steam.
You die...

### #
##.#####...#
#<..@Do...5.
#..!.#......
##..## .....
#..# ....
#... ...
##... ..
#.... .
......


You could see a steam dragon (extremely poisoned, catching breath), a shadow imp
and an orc.

Vanquished Creatures
  Eustachio (D:5)
  Menkaure (D:5)
  A water moccasin (D:5)
  An orc warrior (D:6)
  A sky beast (D:5)
  2 centaurs (D:5)
  A kobold brigand (D:6)
  5 scorpions
  A howler monkey (D:5)
  A hound (D:4)
  2 orc priests
  3 iguanas
  Robin (D:3)
  6 gnolls
  9 adders
  A white imp (D:7)
  An ufetubus (D:5)
  3 worms
  10 orcs
  11 endoplasms
  A giant cockroach (D:1)
  16 goblins
  9 hobgoblins
  A jackal (D:4)
  11 kobolds
  A quokka (D:1)
  4 ball pythons
  4 bats
  3 frilled lizards
  6 rats
118 creatures vanquished.

Notes
Turn   | Place    | Note
-------+----------+-------------------------------------------
     0 | D:1      | Kazon the Mummy Fighter began the quest for the Orb.
     0 | D:1      | Reached XP level 1. HP: 18/18 MP: 1/1
    36 | D:1      | Identified a scroll of acquirement
    36 | D:1      | Acquired the +3 pair of gauntlets of War {Slay+5}
    36 | D:1      | Found the +3 pair of gauntlets of War {Slay+5}
   241 | D:1      | Reached XP level 2. HP: 24/24 MP: 2/2
   886 | D:2      | Gained mutation: You are in touch with the powers of death.
                  | [Mummy growth]
   886 | D:2      | Reached XP level 3. HP: 29/29 MP: 3/3
  1369 | D:3      | Found Umat's Antique Weapon Boutique.
  1400 | D:3      | Bought a crude falchion for 184 gold pieces
  1400 | D:3      | Identified the +3 falchion of Winter {venom, rCorr} (You
                  | bought it in a shop on level 3 of the Dungeon)
  1566 | D:3      | Reached XP level 4. HP: 35/35 MP: 4/4
  1574 | D:3      | Noticed Robin
  1587 | D:3      | Killed Robin
  1789 | D:3      | Reached XP level 5. HP: 23/41 MP: 5/5
  2141 | D:4      | Reached skill level 1 in Dodging
  2333 | D:4      | Reached skill level 1 in Short Blades
  2338 | D:4      | Reached XP level 6. HP: 42/47 MP: 6/6
  2391 | D:4      | Reached skill level 1 in Throwing
  2650 | D:4      | Found a hazy altar of Hepliaklqana.
  3050 | D:5      | Entered Level 5 of the Dungeon
  3089 | D:5      | Noticed Eustachio
  3105 | D:5      | Reached XP level 7. HP: 46/52 MP: 7/7
  3112 | D:5      | Killed Eustachio
  3113 | D:5      | Reached skill level 1 in Evocations
  3563 | D:5      | Noticed Menkaure
  3571 | D:5      | Killed Menkaure
  3572 | D:5      | Reached XP level 8. HP: 60/60 MP: 8/8
  3926 | D:7      | Engulfed by a steam dragon's steam

Illustrated notes

Levels and vault maps discovered:
D:1:      dpeg_arrival_three_smaller_balls, layout_basic
D:2:      layout_loops_ring
D:3:      layout_basic, serial_shops, nicolae_shop_stone, st_stairs_9,
          minmay_misc_feat_doors, eino_curves_03, uniq_robin
D:4:      minmay_wonky_spiral, layout_basic,
          mainiacjoe_overflow_surrounded_room, minivault_5
D:5:      layout_cave_pods, uniq_menkaure, uniq_eustachio
D:6:      cheibrodos_barr_body, layout_basic, minmay_crystal_room,
          minmay_pentangle, uniq_maggie, uniq_edmund
D:7:      layout_cave_pools, nicolae_uskayaw_murder_on_the_dancefloor,
          elyvilon_altar_4, minmay_temple_entry_purple_smoke

Skill      XL: |  1  2  3  4  5  6  7  8 |
---------------+-------------------------+-----
Long Blades    | 2 3 4 |  4.5
Armour         | 3 4 |  4.2
Dodging        | 1 2 |  2.2
Short Blades   | 1 2 3 |  3.2
Throwing       | 1 2 |  2.5
Evocations     | 2 |  2.7
Shields        | 3 |  3.3
Fighting       | 4 |  4.1
Stealth        | |  0.5

Action                   |  1- 3 |  4- 6 |  7- 9 || total
-------------------------+-------+-------+-------++-------
Melee: Long sword        |    59 |       |       ||    59
       Dagger            |    17 |   122 |       ||   139
       Falchion          |       |     1 |    87 ||    88
Throw: Stone             |    15 |    22 |     3 ||    40
       Boomerang         |       |       |    21 ||    21
Evoke: Wand              |       |     1 |     1 ||     2
  Use: Scroll            |     1 |       |     6 ||     7
Armor: Scale mail        |    31 |    53 |    13 ||    97
       Leather armour    |       |       |    38 ||    38
Dodge: Dodged            |    55 |    57 |    65 ||   177
Block: Buckler           |     6 |    16 |    29 ||    51
